 Dungeon Crawl Stone Soup version 0.29.1-15-g9cfb28693d (webtiles) character file.

Game seed: 17446110767823660211

60 BuddhaDhamma the Chopper (level 3, -1/31 HPs)
             Began as a Minotaur Berserker on Mar 7, 2023.
             Was a Believer of Trog.
             Slain by a gnoll
             ... wielding a +0 spear
              (7 damage)
             ... on level 2 of the Dungeon.
             The game lasted 00:01:47 (1027 turns).

BuddhaDhamma the Chopper (Minotaur Berserker)       Turns: 1027, Time: 00:01:48

Health: -1/31      AC:  3    Str: 23    XL:     3   Next: 82%
Magic:  2/2        EV: 11    Int:  4    God:    Trog [**....]
Gold:   40         SH:  0    Dex:  9    Spells: 2/2 levels left

rFire   . . .      SeeInvis .   a - +0 hand axe
rCold   . . .      Faith    +   (no shield)
rNeg    . . .      Spirit   .   d - +0 leather armour
rPois   .          Reflect  .   (helmet restricted)
rElec   .          Harm     .   (no cloak)
rCorr   .          Rampage  .   (no gloves)
Will    .....                   (no boots)
Stlth   +.........              i - amulet of faith
HPRegen 0.10/turn               (no ring)
MPRegen 0.08/turn               (no ring)

@: on berserk cooldown, slowed, very slow
A: horns 2, retaliatory headbutt
a: Renounce Religion, Berserk, Trog's Hand


You were on level 2 of the Dungeon.
You worshipped Trog.
Trog was pleased with you.
You visited 1 branch of the dungeon, and saw 2 of its levels.

You collected 40 gold pieces.

Inventory:

Hand Weapons
 a - a +0 hand axe (weapon)
Missiles
 c - a throwing net
 g - 4 curare-tipped darts (quivered)
Armour
 d - a +0 leather armour (worn)
Jewellery
 i - an amulet of faith (around neck)
Scrolls
 b - a scroll of summoning {unknown}
 f - 2 scrolls of immolation {unknown}
 h - a scroll of amnesia {unknown}
 m - 2 scrolls of identify {unknown}
Potions
 e - a potion of cancellation {unknown}
 j - a potion of berserk rage {unknown}
 k - a potion of curing {unknown}
 l - 2 potions of flight {unknown}
 n - a potion of invisibility {unknown}


   Skills:
 - Level 3.6 Fighting
 + Level 5.8 Axes
 - Level 2.4 Armour
 - Level 2.1 Dodging


You had 2 spell levels left.
You didn't know any spells.
Your spell library was empty.

Dungeon Overview and Level Annotations

Branches:
Dungeon (2/15)

Altars:


Innate Abilities, Weirdness & Mutations

You have a pair of horns on your head.
You reflexively headbutt those who attack you in melee.


Message History

You hit the gnoll.
You kill the gnoll!
Trog accepts your kill.
The gnoll hits you from afar with a +0 spear!
The gnoll hits you from afar with a +1 spear of pain.
The gnoll hits you from afar with a +0 spear!
You are too injured to fight recklessly!
You are too injured to fight recklessly!
You are too injured to fight recklessly!
You slash the gnoll!
The gnoll is severely wounded.
You barely miss the gnoll. The gnoll hits you with a +0 spear.
The gnoll closely misses you. x2
You closely miss the gnoll. You headbutt the gnoll.
You kill the gnoll!
Trog accepts your kill.
You slash the gnoll! The gnoll closely misses you.
The gnoll hits you from afar with a +0 spear.
You see here a +0 spear.
You barely miss the gnoll.
The gnoll is severely wounded.
The gnoll hits you from afar with a +0 spear.
* * * LOW HITPOINT WARNING * * *
The gnoll hits you with a +1 spear of pain.
* * * LOW HITPOINT WARNING * * *
You slash the gnoll!
You kill the gnoll!
Trog accepts your kill.
The gnoll hits you from afar with a +0 spear.
* * * LOW HITPOINT WARNING * * *
Things that are here:
a +1 spear of pain; a gnoll corpse You feel a strong urge to attack something.
The gnoll hits you from afar with a +0 spear.
* * * LOW HITPOINT WARNING * * *
You are no longer berserk.
You are exhausted.
You feel yourself slow down. The gnoll misses you.
You completely miss the gnoll. The gnoll hits you with a +0 spear!
You die...

#######
#...@g#
#..)).#
#..)..#
#....<#
#.....#
###.###
#.# #.#
#.#


You could see a gnoll.

Vanquished Creatures
  3 gnolls (D:2)
  A dart slug (D:1)
  3 endoplasms
  A giant cockroach (D:1)
  2 goblins (D:1)
  5 hobgoblins (D:1)
  A quokka (D:1)
  4 ball pythons (D:1)
  2 bats (D:1)
  3 frilled lizards (D:1)
  2 kobolds (D:1)
  3 rats (D:1)
30 creatures vanquished.

Notes
Turn   | Place    | Note
-------+----------+-------------------------------------------
     0 | D:1      | BuddhaDhamma the Minotaur Berserker began the quest for the
                  | Orb.
     0 | D:1      | Reached XP level 1. HP: 19/19 MP: 0/0
    49 | D:1      | Reached skill level 4 in Axes
   315 | D:1      | Reached XP level 2. HP: 23/26 MP: 1/1
   781 | D:1      | Reached skill level 5 in Axes
   782 | D:1      | Reached ** piety under Trog
   798 | D:1      | Reached XP level 3. HP: 29/31 MP: 2/2
  1027 | D:2      | Slain by a gnoll

Illustrated notes

Levels and vault maps discovered:
D:1:      co_arrival_square_in_a_square_in_a_square, layout_basic,
          minmay_pentomino_t4
D:2:      minmay_recursive_quarters, layout_loops_cross, st_stairs_8,
          minmay_misc_feat_cross, kennysheep_generic_room_5

Skill      XL: |  1  2 |
---------------+-------+-----
Axes           | 4 5 |  5.8
Fighting       | |  3.6
Armour         | |  2.4
Dodging        | |  2.1

Action                   || total
-------------------------++-------
Melee: Hand axe          ||    59
       Headbutt          ||     8
       Punch             ||     2
Invok: Berserk           ||     2
Armor: Leather armour    ||     9
Dodge: Dodged            ||    38
